 Dungeon Crawl Stone Soup version 0.22-a0-348-gd16d1391c7 (webtiles) character file.

361 Laan the Chiller (level 6, -1/32 HPs)
             Began as a Deep Elf Ice Elementalist on Apr 8, 2018.
             Killed from afar by an orc wizard (8 damage)
             ... with a magic dart
             ... on level 4 of the Dungeon.
             The game lasted 00:09:24 (4021 turns).

Laan the Chiller (Deep Elf Ice Elementalist)        Turns: 4021, Time: 00:09:25

Health: -1/32      AC:  5    Str:  5    XL:     6   Next: 38%
Magic:  3/16       EV: 15    Int: 22    God:
Gold:   145        SH:  6    Dex: 15    Spells: 13/16 levels left

rFire    . . .     SeeInvis .   d - +0 hunting sling
rCold    . . .     Gourm    .   (no shield)
rNeg     . . .     Faith    .   a - +0 robe
rPois    .         Spirit   .   (no helmet)
rElec    .         Reflect  +   (no cloak)
rCorr    .         Harm     .   m - +2 pair of gloves
MR       .....                  (no boots)
Stlth    ++........             f - +6 amulet of reflection (curse)
HPRegen  0.10/turn              i - +2 ring of evasion
MPRegen  0.15/turn              (no ring)

@: no status effects
A: no striking features
a: no special abilities


You were on level 4 of the Dungeon.
You were not hungry.

You visited 1 branch of the dungeon, and saw 4 of its levels.

You collected 145 gold pieces.

Inventory:

Hand Weapons
 d - a +0 hunting sling (weapon)
 s - a +2 mace of venom
Missiles
 e - 68 stones (quivered)
 o - 16 sling bullets
Armour
 a - a +0 robe (worn)
 m - a +2 pair of gloves (worn)
Jewellery
 f - a cursed +6 amulet of reflection (around neck)
 i - a +2 ring of evasion (left hand)
Scrolls
 b - 2 scrolls of fog {unknown}
 g - 6 scrolls of identify {unknown}
 l - 2 scrolls of teleportation {unknown}
 n - a scroll of blinking {unknown}
 p - a scroll of remove curse {unknown}
 q - 2 scrolls of amnesia {unknown}
Potions
 h - a potion of degeneration {unknown}
 j - a potion of flight {unknown}
 k - a potion of lignification {unknown}
 r - a potion of brilliance {unknown}
Comestibles
 c - 10 rations


   Skills:
 - Level 2.4 Dodging
 - Level 2.4 Stealth
 + Level 5.7 Spellcasting
 - Level 1.1 Conjurations
 * Level 6.8 Ice Magic


You had 13 spell levels left.
You knew the following spells:

 Your Spells              Type           Power        Failure   Level  Hunger
a - Freeze                Ice            ####         1%          1    None
b - Throw Frost           Conj/Ice       ###...       2%          2    None


Dungeon Overview and Level Annotations

Branches:
Dungeon (4/15)
 Temple: D:4-7

Altars:
Fedhas
Hepliaklqana
Okawaru
Ru
Trog
Yredelemnul


Message History

Press: ? - help, Shift-Dir - straight line, f/p - orc warrior
Aim: an orc warrior, wielding a trident and wearing a glowing chain mail (heavily wounded)
The puff of frost hits the orc wizard.
The orc wizard is almost dead.
The orc warrior hits you from afar with a trident!!
Ouch! That really hurt!
The orc wizard gestures at you while chanting.
The magic dart hits you!
* * * LOW HITPOINT WARNING * * *
Casting: Throw Frost (safe; 2% risk of failure)
Confirm with . or Enter, or press ? or * to list all spells.
Aiming: Throw Frost (safe; 2% risk of failure)
Press: ? - help, Shift-Dir - straight line, f/p - orc warrior
Aim: an orc warrior, wielding a trident and wearing a glowing chain mail (heavily wounded)
The puff of frost hits the orc wizard.
The orc wizard appears unharmed.
The orc wizard is severely wounded.
The orc warrior misses you. The orc wizard completely misses you.
The orc wizard gestures at you while chanting.
The magic dart hits you!
You die...

#######...##.##.##.....#.##......
#.......##.##....##..#.........
##.#.#............<.....###.....
#...........###.#####.#.# #.....
####.#......###.....#.#.# #.....
#..........##.#.#.#.#.# ##....
####.................#...# #....
#..........#.....#.......# #....
####.##.........@##...#(#####.##+
##.######..##.[oo(((..#.......
#..^#####.##..#.####'#.......
####..###..[....# #..........
###.########## #..........
##..#### #.......... ###..^...###
#....##.### ####..#.....P^###
#...o.#.#
#.^†#####.^.....####...#.#.###


You could see an orc warrior and an orc wizard.

Vanquished Creatures
  2 scorpions (D:4)
  A quasit (D:4)
  Jessica (D:2)
  A hound skeleton (D:3)
  6 gnolls (D:2)
  4 adders
  An ooze (D:2)
  2 worms (D:2)
  3 dart slugs
  4 leopard geckos
  4 orcs
  3 giant cockroaches (D:2)
  5 goblins
  7 hobgoblins
  5 quokkas
  12 bats
  8 frilled lizards
  8 kobolds
  11 rats
88 creatures vanquished.

Notes
Turn   | Place    | Note
-------+----------+-------------------------------------------
     0 | D:1      | Laan the Deep Elf Ice Elementalist began the quest for the Orb.
     0 | D:1      | Reached XP level 1. HP: 10/10 MP: 6/6
   253 | D:1      | Reached XP level 2. HP: 15/15 MP: 8/8
   391 | D:1      | Reached skill level 4 in Ice Magic
   846 | D:2      | Noticed Jessica
   854 | D:2      | Killed Jessica
   854 | D:2      | Reached XP level 3. HP: 19/19 MP: 6/10
   999 | D:2      | Reached XP level 4. HP: 24/24 MP: 10/12
  1460 | D:2      | Reached skill level 5 in Ice Magic
  1862 | D:2      | Reached XP level 5. HP: 28/28 MP: 9/14
  2488 | D:3      | Found a blossoming altar of Fedhas.
  2488 | D:3      | Found a basalt altar of Yredelemnul.
  2564 | D:3      | Learned a level 2 spell: Throw Frost
  2598 | D:3      | Found a sacrificial altar of Ru.
  2794 | D:3      | Reached skill level 5 in Spellcasting
  2834 | D:3      | Reached skill level 6 in Ice Magic
  3227 | D:3      | Found a hazy altar of Hepliaklqana.
  3233 | D:3      | Found an iron altar of Okawaru.
  3234 | D:3      | Found a bloodstained altar of Trog.
  3451 | D:4      | Reached XP level 6. HP: 32/32 MP: 11/16
  3805 | D:4      | Noticed an orc warrior
  4021 | D:4      | Killed from afar by an orc wizard

Vault maps used:
D:1:      sevenhm_arrival_forest_fort_large_1
D:2:      wad_woods_tower, minmay_crystal_room, minmay_tromino_v4_c,
          uniq_jessica
D:3:      nicolae_ru_path_of_blood, minitemple, first_ration
D:4:      old_forge

Skill      XL: |  1  2  3  4  5 |
---------------+----------------+-----
Ice Magic      | 4 5 6 |  6.8
Spellcasting   | 4 5 |  5.7
Dodging        | |  2.4
Stealth        | |  2.4
Conjurations   | |  1.1

Action                   |  1- 3 |  4- 6 || total
-------------------------+-------+-------++-------
 Fire: Hunting sling     |    64 |   136 ||   200
 Cast: Freeze            |    25 |    94 ||   119
       Throw Frost       |       |     7 ||     7
  Eat: Chunk             |       |     7 ||     7
       Ration            |       |     1 ||     1
Armor: Robe              |     3 |    17 ||    20
Dodge: Dodged            |    18 |    60 ||    78
Block: Other             |       |    25 ||    25
       Reflection        |       |     1 ||     1

Table legend:
 A = Spawn XP
 B = Non-spawn XP
 C = Spawn XP percentage of total XP
 D = Spawn monster count
 E = Non-spawn monster count
 F = Spawn count percentage of total count
 G = Total turns spent on level
                    A         B        C        D         E        F      G
               +---------+---------+-------+---------+---------+-------+---------
         Total |       0 |     516 |   0.0 |       0 |      88 |   0.0 |  4021
               +---------+---------+-------+---------+---------+-------+---------
           D:1 |       0 |      34 |   0.0 |       0 |      23 |   0.0 |   808
           D:2 |       0 |     199 |   0.0 |       0 |      36 |   0.0 |  1437
           D:3 |       0 |      83 |   0.0 |       0 |      21 |   0.0 |  1059
           D:4 |       0 |     200 |   0.0 |       0 |       8 |   0.0 |   717
               +---------+---------+-------+---------+---------+-------+---------
